 Dungeon Crawl Stone Soup version 0.30-a0-586-g23e55c9e0a (webtiles) character file.

Game seed: 3650798345022129718

120 bmack86 the Covered (level 4, 0/41 HPs)
             Began as a Minotaur Fighter on Jan 3, 2023.
             Succumbed to an adder's poison
             ... on level 3 of the Dungeon.
             The game lasted 00:05:05 (1355 turns).

bmack86 the Covered (Minotaur Fighter)              Turns: 1355, Time: 00:05:05

Health: 0/41       AC:  7    Str: 22    XL:     4   Next: 75%
Magic:  3/3        EV:  9    Int:  5    God:
Gold:   91         SH:  4    Dex: 10    Spells: 3/3 levels left

rFire   . . .      SeeInvis .    a - +0 war axe
rCold   . . .      Faith    .    c - +0 buckler
rNeg    . . .      Spirit   .    b - +0 scale mail
rPois   .          Reflect  .    (helmet restricted)
rElec   .          Harm     .    (no cloak)
rCorr   .          Rampage  .    (no gloves)
Will    .....                    (no boots) Stlth
                                 (no amulet)
HPRegen 0.26/turn                (no ring)
MPRegen 0.08/turn                (no ring)

@: lethally poisoned (0 -> -4)
A: horns 2, retaliatory headbutt, MP-powered wands
a: no special abilities


You were on level 3 of the Dungeon.
You visited 1 branch of the dungeon, and saw 3 of its levels.

You collected 91 gold pieces.

Inventory:

Hand Weapons
 a - a +0 war axe (weapon)
Armour
 b - a +0 scale mail (worn)
 c - a +0 buckler (worn)
 o - the +0 ring mail of Lust {Will+ Slay+3}
   (You found it on level 2 of the Dungeon)

   Slay:      It affects your accuracy & damage with ranged weapons and melee
   (+3).
   Will:      It increases your willpower.
Jewellery
 e - a ring of wizardry
 h - a +6 ring of dexterity
 p - an amulet of faith
Scrolls
 f - a scroll of vulnerability {unknown}
 g - a scroll of teleportation
 j - a scroll of fear
 l - a scroll of amnesia
 m - a scroll of blinking {unknown}
 q - a scroll of enchant armour {unknown}
Potions
 d - a potion of might
 i - a potion of magic
 k - a potion of flight
 n - a potion of cancellation {unknown}


   Skills:
 + Level 4.4 Fighting
 * Level 4.2 Axes
 + Level 4.4 Armour
 + Level 4.4 Shields


You had 3 spell levels left.
You didn't know any spells.
Your spell library contained the following spells:

 Spells                   Type           Power      Damage    Failure   Level
 Dazzling Flash           Conj/Hex       0%         N/A       99%         3
 Agony                    Necr           0%         N/A       100%        5
 Silence                  Hex/Air        0%         N/A       100%        5


Dungeon Overview and Level Annotations

Branches:
Dungeon (3/15)

Altars:
Qazlal


Innate Abilities, Weirdness & Mutations

You have a pair of horns on your head.
You reflexively headbutt those who attack you in melee.
You expend magic power (3 MP) to strengthen your wands.


Message History

You block the adder's attack. The rat completely misses you.
The adder closely misses you. The quokka closely misses you.
You furiously retaliate!
You headbutt the quokka. You barely miss the quokka.
The quokka is almost dead.
You barely miss the adder. x2; You barely miss the rat.
You feel very sick. The adder misses you. You block the adder's attack.
The rat bites you.
* * * LOW HITPOINT WARNING * * *
The quokka closely misses you. The adder bites you.
* * * LOW HITPOINT WARNING * * *
You are lethally poisoned!
The adder poisons you! The adder barely misses you.
You hit the quokka but do no damage.
The quokka is almost dead.
You hit the adder. You closely miss the adder. You slash the rat!
You kill the rat!
* * * LOW HITPOINT WARNING * * *
You feel very sick. The bat closely misses you. The quokka bites you.
* * * LOW HITPOINT WARNING * * *
The adder bites you but does no damage. The adder closely misses you.
You block the quokka's attack. The adder barely misses you.
You furiously retaliate!
You headbutt the adder! You hit the quokka.
You kill the quokka!
You slash the adder!
You kill the adder!
You closely miss the adder.
* * * LOW HITPOINT WARNING * * *
You feel sick. The bat hits you but does no damage.
The adder closely misses you.
* * * LOW HITPOINT WARNING * * *
You feel sick. The bat hits you but does no damage.
The adder bites you but does no damage.
There is a stone staircase leading up, spattered with blood here.
You see here a coppery potion.
It was a potion of mutation.
You feel extremely strange.
You feel your magical essence link to the dungeon's wands.
You die...

#...# ##.#.. #...#
#.### #...# #.# .#
#.†.# #.## ...
#...# .....
.$(.#####...#####.
.....
..).....b.........
#....
.......>†.........
..#..
#....@S†........
.....
#.#####...#####.
#... #...# .......
#...# #.#..# #w..#
... #...# ##.
....# #..# ...##
#... #...


You could see an adder and a bat.

Vanquished Creatures
  An orc wizard (D:3)
  2 adders (D:3)
  A worm (D:3)
  3 orcs (D:3)
  5 ball pythons
  7 bats
  5 endoplasms
  4 giant cockroaches
  4 goblins
  8 hobgoblins
  6 jackals
  4 quokkas
  2 frilled lizards
  2 kobolds
  10 rats
64 creatures vanquished.

Notes
Turn   | Place    | Note
-------+----------+-------------------------------------------
     0 | D:1      | bmack86 the Minotaur Fighter began the quest for the Orb.
     0 | D:1      | Reached XP level 1. HP: 19/19 MP: 0/0
    90 | D:1      | You fall into a shaft and drop 1 floor!
   188 | D:1      | Reached XP level 2. HP: 24/27 MP: 1/1
   564 | D:2      | Found a stormy altar of Qazlal.
   607 | D:2      | Reached XP level 3. HP: 29/33 MP: 2/2
  1113 | D:2      | Identified the +0 ring mail of Lust {Will+ Slay+3}
  1191 | D:3      | Reached XP level 4. HP: 28/40 MP: 3/3
  1353 | D:3      | HP: 2/41 [poisoned by an adder]
  1355 | D:3      | Gained mutation: You expend magic power (3 MP) to
                  | strengthen your wands. [potion of mutation]
  1355 | D:3      | Succumbed to an adder's poison

Illustrated notes

Levels and vault maps discovered:
D:1:      grunt_arrival_lava_bath, layout_rooms
D:2:      layout_loops_ring, basic_altar, minmay_tripent
D:3:      layout_loops_cross, shapermc_ecumenical_altar_rom_forum,
          minmay_guardbox

Skill      XL: |  1  2  3  4 |
---------------+-------------+-----
Axes           | 3 4 |  4.2
Fighting       | 4 |  4.4
Armour         | 4 |  4.4
Shields        | 4 |  4.4

Action                   |  1- 3 |  4- 6 || total
-------------------------+-------+-------++-------
Melee: War axe           |    80 |    19 ||    99
       Headbutt          |    12 |       ||    12
  Use: Scroll            |     5 |       ||     5
       Potion            |       |     1 ||     1
Armor: Scale mail        |    67 |    27 ||    94
Dodge: Dodged            |    48 |    26 ||    74
Block: Buckler           |    21 |    13 ||    34

Table legend: (Time is in decaauts)
 A = Elapsed time spent in this place.
 B = Non-inter-level travel time spent in this place.
 C = Inter-level travel time spent in this place.
 D = Time resting spent in this place.
 E = Time spent auto-exploring this place.
 F = Levels seen in this place.
 G = Mean time per level.
                   A        B        C        D        E       F      G
               +--------+--------+--------+--------+--------+-----+--------+
         Total |   1391 |   1323 |     68 |      0 |    742 |   3 |  463.7 |
       Dungeon |   1391 |   1323 |     68 |      0 |    742 |   3 |  463.7 |
               +--------+--------+--------+--------+--------+-----+--------+

Top non-repeatable levels by time:
     D:2: 673 daAuts
     D:1: 504 daAuts
     D:3: 213 daAuts
